 Dungeon Crawl Stone Soup version 0.20-a0-681-gf83e07f (webtiles) character file.

2940 nono the Grappler (level 9, 0/74 (75) HPs)
             Began as a Troll Transmuter on Feb 19, 2017.
             Was a Follower of Cheibriados.
             Slain by a six-headed hydra (8 damage)
             ... on level 8 of the Dungeon.
             The game lasted 00:12:26 (5193 turns).

nono the Grappler (Troll Transmuter)                Turns: 5193, Time: 00:12:27

HP:   0/74 (75)     AC:  2    Str: 28    XL:     9   Next: 51%
MP:   4/9           EV: 27    Int: 15    God:    Cheibriados [*.....]
Gold: 376           SH:  0    Dex: 18    Spells: 4/10 levels left

rFire    . . .     SeeInvis .     - Unarmed
rCold    . . .     Gourm    +   (armour currently unavailable)
rNeg     . . .     Faith    .   (shield currently unavailable)
rPois    x         Spirit   .   (helmet currently unavailable)
rElec    .         Reflect  .   (cloak currently unavailable)
rCorr    .         Harm     .   (gloves unavailable)
MR       +....                  (boots unavailable)
Stlth    ++........             (no amulet)
Regen    0.7/turn               (no ring)
MPRegen  0.2/turn               t - ring of protection from magic

@: mighty, spider-form (expiring), very slow
A: unfitting armour, (claws 0), fast metabolism 3, gourmand, regeneration 1,
(shaggy fur 0), (tough skin 0)
a: End Transformation, Bend Time, Renounce Religion


You were on level 8 of the Dungeon.
You worshipped Cheibriados.
Cheibriados was aware of your devotion.
You were very full.
You were a venomous arachnid creature.
You visited 2 branches of the dungeon, and saw 9 of its levels.

You collected 376 gold pieces.

Inventory:

Missiles
 a - 66 arrows
Armour
 b - a +0 robe (melded)
 k - a +2 cloak (melded)
Jewellery
 t - a ring of protection from magic (left front leg)
Scrolls
 e - a scroll of amnesia {unknown}
 h - 9 scrolls of identify {unknown}
 i - 7 scrolls of enchant armour {unknown}
 j - a scroll of immolation {unknown}
 l - 5 scrolls of remove curse {unknown}
 n - a scroll of fear {unknown}
 r - a scroll of magic mapping {unknown}
 s - 3 scrolls of blinking {unknown}
 v - a scroll of teleportation {unknown}
Potions
 f - 2 potions of lignification {unknown}
 g - a potion of magic {unknown}
 o - 2 potions of flight {unknown}
 p - a potion of haste {unknown}
 u - a potion of invisibility {unknown}
 w - a potion of agility {unknown}
 z - a potion of cancellation {unknown}
Books
 c - a book of Changes

   Spells                             Type                      Level
   a - Beastly Appendage              Transmutation                1
   b - Sticks to Snakes               Transmutation                2
   c - Spider Form                    Transmutation/Poison         3
   d - Ice Form                       Ice/Transmutation            4
   e - Blade Hands                    Transmutation                5
Comestibles
 d - 7 bread rations
 m - a royal jelly


   Skills:
 - Level 0.7 Fighting
 + Level 8.0 Dodging
 + Level 9.9 Unarmed Combat
 - Level 1.2 Spellcasting
 - Level 1.3 Transmutations


You had 4 spell levels left.
You knew the following spells:

 Your Spells              Type           Power        Failure   Level  Hunger
a - Beastly Appendage     Tmut           #.....       32%         1    ##.....
b - Sticks to Snakes      Tmut           #.......     41%         2    ###....
c - Spider Form           Tmut/Pois      #.........   77%         3    ####...


Dungeon Overview and Level Annotations

Branches:
Dungeon (8/15)             Temple (1/1) D:5
   Lair: D:8-11

Altars:
Cheibriados
Dithmenos
Fedhas
Makhleb
Trog
Vehumet
Yredelemnul


Innate Abilities, Weirdness & Mutations

You are too large for most types of armour.
((You have claws for hands.))
Your metabolism is lightning-fast.
You like to eat raw meat.
Your natural rate of healing is unusually fast.
((You are covered in fur. (AC +1)))
((You have very tough skin. (AC +2)))


Message History

The six-headed hydra misses you. The six-headed hydra bites you.
Your adder bites the ogre.
The ogre is poisoned.
Your adder poisons the ogre!
Unknown command.
You bite the six-headed hydra!
The six-headed hydra is moderately wounded.
The six-headed hydra completely misses you.
The six-headed hydra misses you.
The six-headed hydra completely misses you.
The six-headed hydra closely misses you.
The six-headed hydra barely misses you. The six-headed hydra bites you!
* * * LOW HITPOINT WARNING * * *
Your adder bites the ogre.
You feel very mighty all of a sudden.
Your adder bites the ogre but does no damage.
The six-headed hydra barely misses you.
The six-headed hydra closely misses you.
The six-headed hydra misses you. The six-headed hydra bites you.
* * * LOW HITPOINT WARNING * * *
The six-headed hydra bites you!
You die...

§.≈≈§§....≈≈§≈.≈
≈.≈≈§≈....≈≈§≈.≈
≈..........§§..≈
≈≈§≈≈≈≈..≈≈≈≈≈§≈
###§§#######
#.S.# #O###
###D####.#
#.s......#
.......########
##.####


You could see a six-headed hydra, an ogre and a friendly adder.

Vanquished Creatures
  Sigmund (D:3)
  A spriggan (D:7)
  4 sky beasts
  An orc warrior (D:6)
  3 black bears (D:7)
  4 necrophages (D:7)
  A phantom (D:6)
  3 ogres
  A centaur (D:7)
  A bullfrog (D:7)
  3 scorpions
  4 howler monkeys
  A crimson imp (D:5)
  2 bullfrog zombies
  2 hounds
  A gnoll shaman (D:4)
  An orc priest (D:3)
  Crazy Yiuf (D:3)
  2 centaur skeletons (D:7)
  An orc wizard (D:5)
  A bullfrog skeleton (D:4)
  Ijyb (D:3)
  4 worker ants
  A howler monkey zombie (D:7)
  Robin (D:3)
  6 gnolls
  8 adders
  2 shadow imps (D:5)
  2 oozes
  3 adder skeletons
  2 worms
  2 dart slugs
  7 leopard geckos
  5 orcs
  4 giant cockroaches
  15 goblins
  12 hobgoblins
  5 jackals
  9 kobolds
  2 quokkas
  6 bats
  6 frilled lizards
  A giant cockroach zombie (D:5)
  A jackal skeleton (D:7)
  A leopard gecko skeleton (D:4)
  A quokka skeleton (D:5)
  A quokka zombie (D:7)
  8 rats
  A bush (D:7)
156 creatures vanquished.

Vanquished Creatures (others)
  4 plants (D:7)
4 creatures vanquished.

Grand Total: 160 creatures vanquished

Notes
Turn   | Place    | Note
-------+----------+-------------------------------------------
     0 | D:1      | nono the Troll Transmuter began the quest for the Orb.
     0 | D:1      | Reached XP level 1. HP: 18/18 MP: 1/1
     2 | D:1      | Noticed a minotaur skeleton
    93 | D:1      | Reached XP level 2. HP: 26/26 MP: 2/2
   280 | D:1      | You fall through a shaft!
   303 | D:2      | Reached XP level 3. HP: 16/32 MP: 3/3
   762 | D:1      | Reached skill level 4 in Unarmed Combat
   822 | D:1      | Reached XP level 4. HP: 40/40 MP: 4/4
  1472 | D:3      | Noticed Robin
  1563 | D:3      | Killed Robin
  1580 | D:3      | Noticed Ijyb
  1590 | D:3      | Killed Ijyb
  1590 | D:3      | Reached XP level 5. HP: 39/46 MP: 5/5
  1738 | D:3      | Noticed Sigmund
  1746 | D:3      | Killed Sigmund
  1746 | D:3      | Reached skill level 5 in Unarmed Combat
  1746 | D:3      | Reached XP level 6. HP: 54/54 MP: 6/6
  2214 | D:3      | Found a runed door.
  2218 | D:3      | Noticed Crazy Yiuf
  2228 | D:3      | Killed Crazy Yiuf
  2338 | D:3      | Reached skill level 6 in Unarmed Combat
  2517 | D:4      | Noticed a sky beast
  2544 | D:4      | Killed a sky beast
  2544 | D:4      | Reached XP level 7. HP: 52/61 MP: 4/7
  2648 | D:4      | Reached skill level 5 in Dodging
  2864 | D:4      | Reached skill level 7 in Unarmed Combat
  2901 | D:4      | Found a shadowy altar of Dithmenos.
  3084 | D:5      | Entered Level 5 of the Dungeon
  3085 | D:5      | Found a staircase to the Ecumenical Temple.
  3090 | Temple   | Entered the Ecumenical Temple
  3124 | Temple   | Became a worshipper of Cheibriados the Contemplative
  3241 | D:5      | Reached XP level 8. HP: 65/68 MP: 8/8
  3741 | D:5      | Learned a level 2 spell: Sticks to Snakes
  3882 | D:6      | Reached skill level 8 in Unarmed Combat
  3962 | D:6      | Reached * piety under Cheibriados
  4682 | D:7      | Reached skill level 9 in Unarmed Combat
  4682 | D:7      | Reached XP level 9. HP: 74/75 MP: 9/9
  4687 | D:7      | Learned a level 3 spell: Spider Form
  4715 | D:7      | Found a bloodstained altar of Trog.
  4959 | D:7      | Found a blossoming altar of Fedhas.
  5176 | D:8      | Noticed a four-headed hydra
  5193 | D:8      | Slain by a six-headed hydra

Vault maps used:
D:1:      shiori_arrival_whats_in_store_for_you
D:3:      first_bread, minmay_ruptured, uniq_iyjb, uniq_robin,
          uniq_crazy_yiuf_cottage, uniq_sigmund
D:4:      nicolae_dithmenos_through_a_glass_darkly
D:5:      temple_fountains, minmay_misc_feat_room, kennysheep_potato
D:6:      st_stairs_9, uniq_eustachio
D:7:      trog_ov_bears_minmay, the_bakery, fedhas_altar_decomposition
D:8:      overflow_temple_1_default, due_lair_maze_entry_diamond, basic_altar,
          kennysheep_dice, uniq_pikel
Temple:   dpeg_five_rooms_temple

Skill      XL: |  1  2  3  4  5  6  7  8  9 |
---------------+----------------------------+-----
Dodging        | 2 3 4 5 7 8 |  8.0
Unarmed Combat | 4 5 6 7 9 |  9.9
Fighting       | |  0.7
Spellcasting   | |  1.2
Transmutations | |  1.3

Action                   |  1- 3 |  4- 6 |  7- 9 || total
-------------------------+-------+-------+-------++-------
Melee: Unarmed           |   107 |   183 |   235 ||   525
       Punch             |     3 |     6 |     9 ||    18
       Kick              |       |     2 |    24 ||    26
       Headbutt          |       |       |    14 ||    14
 Cast: Beastly Appendage |       |     1 |    21 ||    22
       Spider Form       |       |       |     1 ||     1
       Sticks to Snakes  |       |       |     1 ||     1
  Use: Potion            |       |       |     1 ||     1
 Stab: Sleeping          |     1 |       |     1 ||     2
       Distracted        |       |     1 |       ||     1
  Eat: Chunk             |    13 |    16 |    21 ||    50
Armor: Robe              |    43 |    56 |    64 ||   163
Dodge: Dodged            |    62 |    82 |   157 ||   301
